 Dungeon Crawl Stone Soup version 0.25-a0-447-gff83419037 (webtiles) character file.

Game seed: 7794581403811642683, levelgen mode: deterministic

129 Emblim88 the Charlatan (level 4, -8/22 HPs)
             Began as a Spriggan Artificer on Jan 31, 2020.
             Was an Initiate of Dithmenos.
             Killed by nerve-wracking pain
             ... invoked by an orc priest
              (11 damage)
             ... on level 3 of the Dungeon.
             The game lasted 00:07:04 (3725 turns).

Emblim88 the Charlatan (Spriggan Artificer)         Turns: 3725, Time: 00:07:05

Health: -8/22      AC:  4    Str:  8    XL:     4   Next: 88%
Magic:  8/8        EV: 19    Int: 14    God:    Dithmenos [......]
Gold:   112        SH:  0    Dex: 17    Spells: 3/3 levels left

rFire    . . .     SeeInvis +   a - +1 short sword
rCold    . . .     Gourm    .   (shield restricted)
rNeg     . . .     Faith    .   b - +1 robe
rPois    .         Spirit   .   (helmet restricted)
rElec    .         Reflect  .   c - +0 cloak
rCorr    .         Harm     .   (gloves unavailable)
MR       .....                  (boots unavailable)
Stlth    ++........             (no amulet)
HPRegen  0.07/turn              t - +2 ring of intelligence
MPRegen  0.11/turn              j - ring of attention (curse)

@: very quick
A: very small, unfitting armour, see invisible, herbivore, speed 3, slow
metabolism 2
a: Renounce Religion


You were on level 3 of the Dungeon.
You worshipped Dithmenos.
Dithmenos was noncommittal.
You were hungry.

You visited 1 branch of the dungeon, and saw 3 of its levels.

You collected 112 gold pieces.

Inventory:

Hand Weapons
 a - a +1 short sword (weapon)
 g - a cursed +0 dagger
Armour
 b - a +1 robe (worn)
 c - a +0 cloak (worn)
Jewellery
 j - a cursed ring of attention (right hand)
 t - a +2 ring of intelligence (left hand)
Wands
 d - a wand of enslavement (13)
Scrolls
 o - a scroll of amnesia
 p - 2 scrolls of fear
Potions
 i - a potion of lignification {unknown}
 k - a potion of ambrosia {unknown}
 l - a potion of heal wounds {unknown}
 m - 2 potions of curing {unknown}
 q - 2 potions of might {unknown}
 r - 2 potions of degeneration {unknown}
Comestibles
 f - 5 rations


   Skills:
 + Level 1.5 Fighting
 + Level 2.2 Short Blades
 + Level 4.1 Dodging
 * Level 4.4 Stealth
 + Level 4.8 Evocations


You had 3 spell levels left.
You didn't know any spells.
Your spell library was empty.

Dungeon Overview and Level Annotations

Branches:
Dungeon (3/15)

Altars:
Cheibriados
Dithmenos
Elyvilon
Hepliaklqana
Xom


Innate Abilities, Weirdness & Mutations

You are very small and have problems with some larger weapons.
You are too small for most types of armour.
You have supernaturally acute eyesight. (SInv)
You are a herbivore.
You cover ground extremely quickly.
You need to consume almost no food.


Message History

The orc priest misses you.
You barely miss the orc priest.
The orc priest is lightly wounded.
The orc priest completely misses you.
You hit the orc priest.
The orc priest is moderately wounded.
The orc priest hits you.
* * * LOW HITPOINT WARNING * * *
You hit the orc priest.
The orc priest is moderately wounded.
The orc priest hits you but does no damage.
You closely miss the orc priest.
The orc priest is moderately wounded.
The orc priest casts a cantrip, but nothing happens.
You closely miss the orc priest.
The orc priest is moderately wounded.
The orc priest mumbles some strange prayers to Beogh against you.
Pain shoots through your body!
Ouch! That really hurt!
You die...

#..................
###..................
...#####.........#.÷.#....†#
#.......#[..........#>....#
.....>####..>.......o.#.....#
...#.. ##.........##........
#. #.##..####...###....####
.###(.....#.....# #.####
..###....@o###.# #.#
######.###..#..## #...#.#
#....#.#.<.##..# ###...#
#..#.......##..# ....
#S#####.#####... .##.
#...###.# ..##. ###.._###
.### .# ###.S.## . #
#x#_...####


You could see an orc priest.

Vanquished Creatures
  Crazy Yiuf (D:2)
  3 adders (D:2)
  An ooze (D:3)
  A worm (D:3)
  2 dart slugs
  A leopard gecko (D:1)
  4 orcs
  8 bats
  5 giant cockroaches
  4 goblins
  7 hobgoblins
  4 kobolds
  A quokka (D:3)
  15 rats
57 creatures vanquished.

Notes
Turn   | Place    | Note
-------+----------+-------------------------------------------
     0 | D:1      | Emblim88 the Spriggan Artificer began the quest for the
                  | Orb.
     0 | D:1      | Reached XP level 1. HP: 9/9 MP: 4/4
   339 | D:1      | Reached skill level 1 in Fighting
   392 | D:1      | Reached XP level 2. HP: 14/14 MP: 6/6
   854 | D:1      | Reached XP level 3. HP: 18/18 MP: 7/7
  1247 | D:2      | Found a runed translucent door.
  1248 | D:2      | Noticed Crazy Yiuf
  1659 | D:2      | Found a snail-covered altar of Cheibriados.
  2200 | D:2      | Killed Crazy Yiuf
  2200 | D:2      | Reached XP level 4. HP: 3/22 MP: 8/8
  2747 | D:3      | Found a shadowy altar of Dithmenos.
  2748 | D:3      | Found a white marble altar of Elyvilon.
  2752 | D:3      | Became a worshipper of Dithmenos the Shadowed
  3473 | D:3      | Found a shimmering altar of Xom.
  3474 | D:3      | Found a hazy altar of Hepliaklqana.
  3474 | D:3      | Noticed an unseen horror
  3475 | D:3      | Noticed an unseen horror
  3475 | D:3      | Noticed a spectral ugly thing
  3725 | D:3      | Killed from afar by an orc priest

Levels and vault maps discovered:
D:1:      co_arrival_random_square_maze, layout_basic, minmay_rat_gold_closets
D:2:      layout_loops_corners, overflow_temple_1_default,
          uniq_crazy_yiuf_cottage
D:3:      layout_rooms, regret_index_temple_of_mockery,
          gammafunk_temple_overflow_statue, minmay_ruptured

Skill      XL: |  1  2  3  4 |
---------------+-------------+-----
Fighting       | 1 |  1.5
Stealth        | 2 3 4 |  4.4
Short Blades   | 2 |  2.2
Dodging        | 4 |  4.1
Evocations     | |  4.8

Action                   |  1- 3 |  4- 6 || total
-------------------------+-------+-------++-------
Melee: Short sword       |    98 |    79 ||   177
Evoke: Wand              |    16 |    16 ||    32
  Use: Scroll            |     6 |     4 ||    10
 Stab: Sleeping          |     9 |       ||     9
       Paralysed         |       |     1 ||     1
Armor: Robe              |    15 |    12 ||    27
Dodge: Dodged            |    75 |    79 ||   154

Table legend:
 A = Non-vault XP
 B = Vault XP
 C = Vault XP percentage of total XP
 D = Non-vault monster count
 E = Vault monster count
 F = Vault count percentage of total count
                 A         B        C        D         E       F
            +---------+---------+-------+---------+---------+-------
      Total |     128 |      57 |  30.8 |      45 |      12 |  21.1
            +---------+---------+-------+---------+---------+-------
        D:1 |      40 |       9 |  18.4 |      21 |       9 |  30.0
        D:2 |      55 |      44 |  44.4 |      13 |       1 |   7.1
        D:3 |      33 |       4 |  10.8 |      11 |       2 |  15.4
            +---------+---------+-------+---------+---------+-------
